 Dungeon Crawl Stone Soup version 0.23.1 (webtiles) character file.

Game seed: 4318123160857300683

91 Lusmu the Caller (level 4, -10/26 HPs)
             Began as a Tengu Summoner on Mar 11, 2019.
             Mangled by an ogre
             ... wielding a +0 giant club
              (31 damage)
             ... on level 2 of the Dungeon.
             The game lasted 00:09:26 (1939 turns).

Lusmu the Caller (Tengu Summoner)                   Turns: 1939, Time: 00:09:27

Health: -10/26     AC:  5    Str:  9    XL:     4   Next: 57%
Magic:  7/9        EV: 10    Int: 16    God:
Gold:   55         SH:  0    Dex: 14    Spells: 4/8 levels left

rFire    . . .     SeeInvis .   h - +0 spear
rCold    . . .     Gourm    .   (no shield)
rNeg     . . .     Faith    .   g - +0 ring mail
rPois    .         Spirit   .   (helmet restricted)
rElec    .         Reflect  .   (no cloak)
rCorr    .         Harm     .   (no gloves)
MR       .....                  (boots unavailable)
Stlth    +.........             (no amulet)
HPRegen  0.08/turn              (no ring)
MPRegen  0.11/turn              (no ring)

@: no status effects
A: beak, talons 3
a: no special abilities


You were on level 2 of the Dungeon.
You were not hungry.

You visited 1 branch of the dungeon, and saw 2 of its levels.

You collected 55 gold pieces.

Inventory:

Hand Weapons
 h - a +0 spear (weapon)
Missiles
 b - 44 stones (quivered)
Armour
 a - a +0 robe
 g - a +0 ring mail (worn)
Scrolls
 e - a scroll of identify
 i - a scroll of fear
 j - 2 scrolls of amnesia {unknown}
Potions
 f - 3 potions of degeneration {unknown}
Comestibles
 c - 7 rations
 d - 7 chunks of flesh


   Skills:
 + Level 1.8 Fighting
 - Level 2.1 Dodging
 - Level 2.0 Stealth
 + Level 2.7 Spellcasting
 * Level 6.0 Summonings


You had 4 spell levels left.
You knew the following spells:

 Your Spells              Type           Power        Failure   Level  Hunger
a - Summon Small Mammal   Summ           ###.         4%          1    #......
b - Call Canine Familiar  Summ           ###.....     13%         3    ###....

Your spell library contained the following spells:

 Spells                   Type           Power        Failure   Level  Hunger
 Call Imp                 Summ           ###.....     7%          2    ##.....
 Summon Guardian Golem    Hex/Summ       ##......     43%         3    ###....
 Summon Ice Beast         Ice/Summ       ##......     83%         4    #####..
 Summon Lightning Spire   Summ/Air       ##......     83%         4    #####..


Dungeon Overview and Level Annotations

Branches:
Dungeon (2/15)

Altars:

Annotations:
D:2 Sigmund


Innate Abilities, Weirdness & Mutations

You have a beak for a mouth.
You have claws for feet.


Message History

Your hound dies!
Your hound's corpse disappears in a puff of smoke!
Attack whom?
Press: ? - help, Dir - move target cursor, f/p - ogre
Aim: an ogre, wielding a +0 giant club (grey smoke, moderately wounded)
You reach to attack!
You hit the ogre.
The ogre is heavily wounded.
You closely miss the ogre. Your peck misses the ogre.
The ogre is heavily wounded.
The ogre hits you but does no damage.
You hit the ogre.
The ogre is heavily wounded.
You hit the ogre.
The ogre is severely wounded.
The ogre barely misses you.
You hit the ogre.
The ogre is almost dead.
The ogre hits you with a +0 giant club!!
Ouch! That really hurt!
You die...

#... .# #... .. #...
.# #... .# # #... .#
# #.. ... .####.# .#
.....#.#####....O..
####'## #......(@O))#
#.....#.###..#.####(#
#..........#........#
#.......#
#..>.....#+#####
........
.....####.......#
........ ####..#
#.......# ).......
...# #.....).#
.......#
##.#####......###.#
)≈.....#
#>...............#


You could see an ogre.

Vanquished Creatures
  Robin (D:1)
  3 dart slugs (D:1)
  2 leopard geckos (D:1)
  An orc (D:2)
  3 giant cockroaches
  11 goblins
  8 hobgoblins
  9 bats
  4 frilled lizards
  3 kobolds
  4 rats
49 creatures vanquished.

Vanquished Creatures (collateral kills)
  2 adders (D:2)
  A worm (D:2)
  A leopard gecko (D:2)
  A bat (D:2)
  3 goblins
  A hobgoblin (D:1)
  A kobold (D:2)
  A rat (D:2)
11 creatures vanquished.

Grand Total: 60 creatures vanquished

Notes
Turn   | Place    | Note
-------+----------+-------------------------------------------
     0 | D:1      | Lusmu the Tengu Summoner began the quest for the Orb.
     0 | D:1      | Reached XP level 1. HP: 10/10 MP: 4/4
   120 | D:1      | Reached skill level 5 in Summonings
   147 | D:1      | Reached XP level 2. HP: 16/16 MP: 6/6
   456 | D:1      | Reached skill level 1 in Fighting
   534 | D:1      | Reached XP level 3. HP: 18/20 MP: 7/7
   962 | D:1      | Learned a level 3 spell: Call Canine Familiar
  1033 | D:2      | Noticed Sigmund
  1109 | D:2      | Noticed Robin
  1405 | D:1      | Killed Robin
  1642 | D:1      | Reached XP level 4. HP: 21/25 MP: 8/8
  1891 | D:2      | Reached skill level 6 in Summonings
  1895 | D:2      | Noticed an ogre
  1939 | D:2      | Mangled by an ogre

Skill      XL: |  1  2  3  4 |
---------------+-------------+-----
Summonings     | 5 6 |  6.0
Fighting       | 1 |  1.8
Dodging        | |  2.1
Stealth        | |  2.0
Spellcasting   | |  2.7

Action                   |  1- 3 |  4- 6 || total
-------------------------+-------+-------++-------
Melee: Unarmed           |     6 |       ||     6
       Spear             |   109 |    53 ||   162
       Club              |     2 |       ||     2
       Kick              |    15 |     6 ||    21
       Peck              |    13 |     3 ||    16
Throw: Stone             |     1 |       ||     1
 Cast: Summon Small Mamm |     7 |       ||     7
       Call Canine Famil |     2 |     3 ||     5
  Use: Scroll            |     2 |       ||     2
 Stab: Sleeping          |     3 |       ||     3
  Eat: Chunk             |     2 |     2 ||     4
Armor: Robe              |     2 |       ||     2
       Ring mail         |    40 |    24 ||    64
Dodge: Dodged            |    92 |    16 ||   108
